 Dungeon Crawl Stone Soup version 0.31-a0-152-g6aa68a64a1 (webtiles) character file.

Game seed: 3545451671347913836

82 qw the Shooter (level 4, -1/39 HPs)
             Began as a Naga Hunter on June 10, 2023.
             Slain by an adder (2 damage)
             ... on level 2 of the Dungeon.
             The game lasted 00:00:28 (1154 turns).

qw the Shooter (Naga Hunter)                        Turns: 1154, Time: 00:00:29

Health: -1/39      AC:  3    Str: 14    XL:     4   Next: 43%
Magic:  4/4        EV:  9    Int:  9    God:
Gold:   108        SH:  0    Dex: 16    Spells: 3/3 levels left

rFire   . . .        Y - +0 shortbow
rCold   . . .        (shield currently unavailable)
rNeg    + . .        c - +0 leather armour
rPois   +            (no helmet)
rElec   .            e - +0 cloak
rCorr   .            (no gloves)
SInv    +            (no barding)
Will    .....        (no amulet)
Stlth   ++           d - ring of positive energy
HPRegen 0.26/turn    (no ring)
MPRegen 0.09/turn

%: no passive effects
@: lethally poisoned (-1 -> -5), short of breath, very slow
A: AC +1, large, see invisible, deformed body, poison resistance, slowness 2,
spit poison 1, naga tail 1
a: Spit Poison


You were on level 2 of the Dungeon.
You visited 1 branch of the dungeon, and saw 3 of its levels.

You collected 108 gold pieces.


Innate Abilities, Weirdness & Mutations

Your serpentine skin is tough. (AC +1)
You have supernaturally acute eyesight. (SInv)
Armour fits poorly on your strangely shaped body.
Your system is resistant to poisons. (rPois)
You cover ground very slowly.
You can spit poison.
You have a snake-like lower body.


   Skills:
 + Level 2.3 Fighting
 - Level 5.1 Ranged Weapons
 - Level 1.5 Dodging
 - Level 1.5 Stealth


You had 3 spell levels left.
You didn't know any spells.
Your spell library was empty.

Inventory:

Hand Weapons
 Y - a +0 shortbow (weapon)
Armour
 c - a +0 leather armour (worn)
 e - a +0 cloak (worn)
Jewellery
 d - a ring of positive energy (left hand)
Scrolls
 a - a scroll of identify
Potions
 g - a potion of lignification {unknown}
 h - a potion of cancellation {unknown}
 j - a potion of curing {unknown}
 k - a potion of degeneration {unknown}
 l - a potion of heal wounds {unknown}

Dungeon Overview and Level Annotations

Branches:
Dungeon (3/15)

Altars:
Yredelemnul


Message History

You start resting.
You have got your breath back.
HP restored.
Done exploring.
(D) Dungeon
Where to? (* - list waypoints, Enter - D:3, ? - help)
What level of the Dungeon? (default 1, ? - help)
You climb downwards.
The adder bites you. The adder closely misses you.
The adder bites you but does no damage. The adder bites you.
There is a stone staircase leading up, spattered with blood here.
1147 ||| STAIRDANCE The adder bites you. x2
You climb upwards.
There is a stone staircase leading down here.
1149 ||| INVOKING Spit Poison.
Aiming: Spit Poison (1% risk of failure)
Press: ? - help, Shift-Dir - straight line, f - adder The splash of poison misses the adder.
The adder bites you.
You are poisoned.
The adder poisons you! The adder barely misses you.
You shoot an arrow. The arrow hits the adder.
The adder is heavily wounded.
You feel sick. The adder barely misses you. The adder bites you. x2
The adder bites you but does no damage.
You shoot an arrow. The arrow closely misses the adder.
You feel sick. The adder bites you but does no damage. The adder bites you. x2
You shoot an arrow. The arrow barely misses the adder.
You have got your breath back.
You feel sick. The adder bites you. x2
You are more poisoned.
The adder poisons you! The adder bites you.
1153 ||| INVOKING Spit Poison.
Aiming: Spit Poison (1% risk of failure)
Press: ? - help, Shift-Dir - straight line, f/p - adder The splash of poison misses the adder.
You feel sick. The adder bites you. x2
You shoot an arrow. The arrow barely misses the adder.
You feel sick. The adder bites you. x3
You die...

...# #...###..# ...#
##......############## ####
##(.....##..........##
###....##.#............##
#######....#..................#
..##....##..###...............#
.....######.# #...............#
....## #.####..............#
....# #..# #@S.....<......#
....# #####.####S...........##
....# #....................##
.:.[# #..........###########
....# #..........# ....#
############ ....# ....# ....#


You could see 2 adders.

Vanquished Creatures
  Jessica (D:2)
  An adder (D:2)
  A worm (D:2)
  3 dart slugs (D:1)
  3 bats
  4 endoplasms
  4 goblins
  2 hobgoblins
  2 quokkas
  7 ball pythons
  A frilled lizard (D:1)
  6 kobolds
  3 rats (D:1)
38 creatures vanquished.

Notes
Turn   | Place    | Note
-------+----------+-------------------------------------------
     0 | D:1      | qw the Naga Hunter began the quest for the Orb.
     0 | D:1      | Reached XP level 1. HP: 19/19 MP: 1/1
     0 | D:1      | 0 ||| qw: Version: 0.2-a-122-gbc61b45
     0 | D:1      | 0 ||| qw: Game counter: 3518
     0 | D:1      | 0 ||| qw: Always use a shield: true
     0 | D:1      | 0 ||| qw: God list: Okawaru
     0 | D:1      | 0 ||| qw: Allow faded altars: false
     0 | D:1      | 0 ||| qw: Do Orc after D:15 true
     0 | D:1      | 0 ||| qw: Do second Lair branch before Depths: true
     0 | D:1      | 0 ||| qw: Lair rune preference: random
     0 | D:1      | 0 ||| qw: Plans: Normal
     0 | D:1      | 0 ||| PLANNING D:1-11
   119 | D:1      | 119 ||| INVOKING Spit Poison.
   148 | D:1      | 148 ||| INVOKING Spit Poison.
   155 | D:1      | 155 ||| INVOKING Spit Poison.
   203 | D:1      | 203 ||| INVOKING Spit Poison.
   222 | D:1      | 222 ||| INVOKING Spit Poison.
   223 | D:1      | Reached skill level 4 in Ranged Weapons
   223 | D:1      | Reached XP level 2. HP: 26/26 MP: 2/2
   240 | D:1      | 240 ||| INVOKING Spit Poison.
   268 | D:1      | 268 ||| INVOKING Spit Poison.
   290 | D:1      | 290 ||| FLEEEEING.
   310 | D:1      | 310 ||| INVOKING Spit Poison.
   327 | D:1      | 327 ||| INVOKING Spit Poison.
   349 | D:1      | 349 ||| INVOKING Spit Poison.
   385 | D:1      | 385 ||| INVOKING Spit Poison.
   386 | D:1      | 386 ||| INVOKING Spit Poison.
   389 | D:1      | Reached XP level 3. HP: 32/32 MP: 3/3
   398 | D:1      | 398 ||| INVOKING Spit Poison.
   439 | D:1      | 439 ||| INVOKING Spit Poison.
   533 | D:1      | 533 ||| UPGRADING to +0 cloak.
   538 | D:1      | 538 ||| UPGRADING to ring of positive energy.
   539 | D:1      | 539 ||| READING scroll labelled DOHOMU JAUJO.
   540 | D:1      | 540 ||| DROPPING scroll of butterflies.
   552 | D:2      | 552 ||| INVOKING Spit Poison.
   558 | D:2      | 558 ||| INVOKING Spit Poison.
   562 | D:2      | 562 ||| INVOKING Spit Poison.
   646 | D:2      | 646 ||| INVOKING Spit Poison.
   731 | D:2      | Noticed Jessica
   733 | D:2      | 733 ||| INVOKING Spit Poison.
   733 | D:2      | Killed Jessica
   734 | D:2      | Reached skill level 5 in Ranged Weapons
   734 | D:2      | Reached XP level 4. HP: 39/39 MP: 4/4
   769 | D:2      | Found a basalt altar of Yredelemnul.
   820 | D:2      | 820 ||| INVOKING Spit Poison.
   911 | D:2      | 911 ||| INVOKING Spit Poison.
  1012 | D:2      | 1012 ||| INVOKING Spit Poison.
  1084 | D:2      | 1084 ||| DROPPING ring of flight.
  1085 | D:2      | 1085 ||| READING scroll labelled LAUJOPLUAPP.
  1086 | D:2      | 1086 ||| READING scroll labelled QIAKAPLAOXUR.
  1087 | D:2      | 1087 ||| READING scroll labelled WEPLAA JONU.
  1110 | D:3      | 1110 ||| INVOKING Spit Poison.
  1111 | D:3      | 1111 ||| INVOKING Spit Poison.
  1114 | D:3      | 1114 ||| STAIRDANCE
  1116 | D:2      | 1116 ||| INVOKING Spit Poison.
  1147 | D:3      | 1147 ||| STAIRDANCE
  1149 | D:2      | 1149 ||| INVOKING Spit Poison.
  1153 | D:2      | 1153 ||| INVOKING Spit Poison.
  1153 | D:2      | HP: 7/39 [adder (4)]
  1154 | D:2      | HP: 2/39 [adder (4)]
  1154 | D:2      | Slain by an adder

Levels and vault maps discovered:
D:1:      amcnicky_arrival_choice, layout_loops_ring
D:2:      layout_rooms, basic_altar, serial_bayou_crossing, uniq_jessica
D:3:      layout_basic, nicolae_qazlal_eye_of_the_storm,
          shapermc_ecumenical_altar_pompeii, serial_shops, shop

Skill      XL: |  1  2  3 |
---------------+----------+-----
Ranged Weapons | 4 5 |  5.1
Fighting       | |  2.3
Dodging        | |  1.5
Stealth        | |  1.5

Action                     |  1- 3 |  4- 6 || total
---------------------------+-------+-------++-------
   Fire: Shortbow          |    56 |    16 ||    72
Ability: Spit Poison       |    18 |     7 ||    25
    Use: Scroll            |     1 |     3 ||     4
 Armour: Leather armour    |     2 |     4 ||     6
  Dodge: Dodged            |    12 |     3 ||    15

Table legend:
 A = Non-vault XP
 B = Vault XP
 C = Vault XP percentage of total XP
 D = Non-vault monster count
 E = Vault monster count
 F = Vault count percentage of total count
                 A         B        C        D         E       F
            +---------+---------+-------+---------+---------+-------
      Total |      81 |      37 |  31.4 |      37 |       1 |   2.6
            +---------+---------+-------+---------+---------+-------
        D:1 |      40 |       0 |   0.0 |      21 |       0 |   0.0
        D:2 |      41 |      37 |  47.4 |      16 |       1 |   5.9
            +---------+---------+-------+---------+---------+-------
